 Dungeon Crawl Stone Soup version bcrawl-1.37.1 (webtiles) character file.

Game seed: 4287115239652598998

535266 Finster the Bludgeoner (level 15, -1/168 HPs)
             Began as an Ent Fighter on Oct 15, 2022.
             Was the Champion of Cheibriados.
             Slain by an orc warrior
             ... wielding a +0 glaive
              (4 damage)
             ... in the Orcish Mines.
             The game lasted 01:31:50 (19621 turns).

Finster the Bludgeoner (Ent Fighter)               Turns: 19621, Time: 01:31:51

Health: -1/168     AC: 29    Str: 42    XL:     15   Next: 10%
Magic:  0/23       EV: 16    Int: 25    God:    Cheibriados [******]
Gold:   2305       SH: 30    Dex: 24    Spells: 13/14 levels left

rFire    . . .     GDR:     40% W - +1 great mace (protect)
rCold    + . .     SeeInvis .   B - +7 large shield {reflect}
rNeg     + + +     Gourm    +   (armour unavailable)
rPois    +         Faith    .   (helmet restricted)
rElec    .         Spirit   +   w - scarf {Spirit}
rCorr    .         Reflect  +   (gloves unavailable)
MR       +....     Clarity  +   (boots unavailable)
Stlth    ++........             M - amulet of the gourmand
HPRegen  0.38/turn              E - ring "Requzose" {+Inv Stlth--}
MPRegen  0.18/turn              z - ring of protection from cold

@: protection aura, very slow
A: large, slow actions, passwall, strong branches, negative energy resistance 3,
poison resistance, slow metabolism 1, strong 1, torment resistance, [weak 2],
unbreathing, AC +22
a: Passwall, Bend Time, Defer, Temporal Distortion, Step From Time, Renounce
Religion, Evoke Invisibility


You were in the Orcish Mines.
You worshipped Cheibriados.
Cheibriados was exalted by your worship.
You were very full.

You visited 4 branches of the dungeon, and saw 20 of its levels.

You collected 2517 gold pieces.
You spent 212 gold pieces at shops.

Inventory:

Hand Weapons
 A - the +0 mace of the Other Side {flame, rN+}
   (You found it on level 11 of the Dungeon)

   It has been specially enchanted to surge with flame as it hits, increasing
   damage dealt by approximately one third against foes not resistant or
   susceptible to fire.
   It protects you from negative energy.
 C - a +5 giant spiked club
 F - the +3 flail of Isoq {venom, MP+9 Str+4}
   (You found it on level 1 of the Lair of Beasts)

   It poisons the flesh of those it strikes.
   It affects your strength (+4).
   It affects your magic capacity (+9).
 W - a +1 great mace of protection (weapon)
Missiles
 o - 331 poisoned needles
 x - 335 poisoned tomahawks
 y - 201 large rocks (quivered)
 L - 75 javelins
 X - 88 exploding tomahawks
Armour
 a - a scarf of clouds
 w - a scarf of spirit shield (worn)
 B - a +7 large shield of reflection (worn)
Jewellery
 b - the ring of the Salmon {Fire rN+}
   (You took it off an orc on level 3 of the Dungeon)

   [ring of fire]

   It enhances your fire magic.
   It protects you from fire.
   It makes you vulnerable to cold.
   It protects you from negative energy.
 j - the ring "Agros" {Fire rN+}
   (You took it off Josephine on level 11 of the Dungeon)

   [ring of fire]

   It enhances your fire magic.
   It protects you from fire.
   It makes you vulnerable to cold.
   It protects you from negative energy.
 q - a +3 amulet of reflection
 z - a ring of protection from cold (right hand)
 E - the ring "Requzose" (left hand) {+Inv Stlth--}
   (You found it on level 1 of the Lair of Beasts)

   [ring of attention]

   It lets you turn invisible.
   It makes you much less stealthy.
 M - an amulet of the gourmand (around neck)
 O - the amulet of Reimbursement {Regen rElec MR+ Str+2}
   (You found it on level 5 of the Lair of Beasts)

   [amulet of regeneration]

   It affects your strength (+2).
   It insulates you from electricity.
   It affects your resistance to hostile enchantments.
 Q - the amulet of the Air {Inacc +Fly rElec EV+5 RMsl}
   (You found it on level 6 of the Lair of Beasts)

   [amulet of inaccuracy]

   It reduces the accuracy of all your attacks.
   It affects your evasion (+5).
   It insulates you from electricity.
   It lets you fly.
   It protects you from missiles.
 R - the amulet of the Ban {Inacc rF- MR+ Dex+3}
   (You found it on level 6 of the Lair of Beasts)

   [amulet of inaccuracy]

   It reduces the accuracy of all your attacks.
   It affects your dexterity (+3).
   It makes you vulnerable to fire.
   It affects your resistance to hostile enchantments.
 S - an uncursed ring of resist corrosion
Wands
 c - a wand of paralysis (10)
 m - a wand of iceblast (12)
 p - a wand of charming (36)
 H - a wand of random effects (11)
 I - a wand of flame (13)
 J - a wand of clouds (5)
 K - a wand of polymorph (15)
 U - a wand of digging (6)
Scrolls
 d - 5 scrolls of fog
 f - 6 scrolls of amnesia
 g - 6 scrolls of remove curse
 h - 8 scrolls of teleportation
 i - a scroll of identify
 l - 2 scrolls of magic mapping
 t - 2 scrolls of immolation
 u - a scroll of fear
 v - a scroll of noise
 D - 2 scrolls of silence
 N - a scroll of torment
Potions
 k - 9 potions of curing
 n - a potion of resistance
 r - 4 potions of mutation
 s - a potion of heal wounds
 G - a potion of might
 P - a potion of cancellation
Miscellaneous
 T - a lightning rod (4/4)
Comestibles
 e - 29 rations {!d}


   Skills:
 * Level 12.0 Fighting
 * Level 16.3 Maces & Flails
 + Level 3.5 Throwing
 + Level 10.4 Dodging
 + Level 5.3 Stealth
 + Level 11.7 Shields
 * Level 11.1 Invocations


You had 13 spell levels left.
You knew the following spells:

 Your Spells              Type           Power        Failure   Level  Hunger
a - Apportation           Tloc           #.....       86%         1    None

Your spell library contained the following spells:

 Spells                   Type           Power        Failure   Level  Hunger
 Corona                   Hex            #......      86%         1    None
 Infusion                 Chrm           #.......     86%         1    None
 Magic Dart               Conj           #...         86%         1    None
 Sandblast                Erth           #.....       86%         1    None
 Slow                     Hex            #.......     86%         1    None
 Summon Butterflies       Summ           #.......     86%         1    None
 Corpse Rot               Necr           N/A          94%         2    ####...
 Searing Ray              Conj           #.......     94%         2    ####...
 Sticks to Snakes         Tmut           #.......     94%         2    ####...
 Sublimation of Blood     Necr           #.........   94%         2    ####...
 Iskenderun's Mystic Bla  Conj           #.......     99%         3    #####..
 Stone Arrow              Conj/Erth      #.....       99%         3    #####..
 Agony                    Necr           #.......     100%        4    ######.
 Fulminant Prism          Conj/Hex       #.........   100%        4    ######.
 Petrify                  Tmut/Erth      #.........   100%        4    ######.
 Bolt of Draining         Conj/Necr      #.........   100%        5    #######
 Irradiate                Conj/Tmut      #.........   100%        5    #######
 Lee's Rapid Deconstruct  Erth           #.........   100%        5    #######
 Borgnjor's Vile Clutch   Necr/Erth      #.........   100%        6    #######
 Beastly Appendage        Tmut           Unusable     N/A         1    N/A
 Passwall                 Tmut/Erth      Unusable     N/A         2    N/A
 Spider Form              Tmut/Pois      Unusable     N/A         3    N/A
 Ice Form                 Ice/Tmut       Unusable     N/A         4    N/A
 Blade Hands              Tmut           Unusable     N/A         5    N/A

Dungeon Overview and Level Annotations

Branches:
Dungeon (12/12)            Temple (1/1) D:4            Lair (6/6) D:9
  Swamp (0/3) Lair:2       Shoals (0/3) Lair:3        Slime (0/5) Lair:6
    Orc (1/1) D:8          Vaults (0/3) D:11         Depths (0/5) D:12
    Elf: Orc:1

Altars:
Ashenzari
Cheibriados
Dithmenos
Elyvilon
Fedhas
Gozag
Hepliaklqana
Lugonu
Makhleb
Nemelex Xobeh
Okawaru
Qazlal
Ru
Sif Muna
Trog
Uskayaw
Vehumet
Wu Jian
Xom
Yredelemnul
Zin
The Shining One
Jiyva

Shops:
D:5 *   D:6 ?   D:10 }   D:12 (%


Innate Abilities, Weirdness & Mutations

You move and act slowly.
You can pass through walls and trees.
Your branches can wield two-handed weapons with a shield.
Your thick bark is tough. (AC +22)
You are too large for most types of armour.
You are immune to negative energy. (rN+++)
Your system is resistant to poisons. (rPois)
You have a slow metabolism.
You are immune to unholy pain and torment.
You can survive without breathing.
Your muscles are strong. (Str +2)
[You are very weak. (Str -4)]


Message History

The orc wizard casts a spell.
The orc wizard blinks!
You block the orc warrior's attack. You block the rust devil's attack.
The orc warrior misses you.
The orc knight roars a battlecry!
The orc priest goes into a battle-frenzy!
You block the neqoxec's attack.
The orc high priest mumbles some strange prayers to Beogh against you.
Beogh smites you!
* * * LOW HITPOINT WARNING * * *
The rust devil misses you. You block the orc warrior's attack.
The orc warrior hits you but does no damage.
You sock the rust devil!
The rust devil is severely wounded.
The orc knight roars a battlecry!
The neqoxec gestures.
You feel weaker. x2
You block the rust devil's attack.
The orc wizard mumbles some strange words.
The orc wizard blinks!
You block the orc warrior's attack.
The orc warrior hits you from afar with a +0 glaive.
You die...

#####.....####
.#
#.......).##
##
##.........###
#
###......)..##
#..........##
#######.....##
###)...#
##...# #@).#
#o43##


4oooo# .§÷oo4## ...÷...## ...÷... .o...## ...÷# You could see an orc knight, 3
orc high priests, an orange demon, an ice devil, a rust devil, a neqoxec, 2 orc
warriors, an orc wizard and an orc priest.

Vanquished Creatures
  Louise (D:12)
  The ghost of yrara the Cleaver, a journeyman DsFi of Gozag (Lair:5)
  Snorg (D:11)
  Josephine (D:11)
  Erolcha (D:10)
  2 ice dragons (D:12)
  12 hydras
  Psyche (D:11)
  An alligator (Lair:6)
  2 death knights
  4 two-headed ogres
  Nergalle (D:9)
  2 centaur warriors
  2 skeletal warriors
  2 unseen horrors (D:11)
  2 wolf spider zombies (D:12)
  4 orc knights
  A phantasmal warrior (D:10)
  2 cyclopes (D:12)
  3 harpies (Lair:3)
  2 deep elf magi
  8 ugly things
  An orc sorcerer (Orc)
  2 moths of wrath
  5 elephants
  4 black mambas
  2 cane toads
  A freezing wraith (D:10)
  2 rime drakes
  7 komodo dragons
  3 efreet
  A harpy zombie (D:11)
  3 trolls
  A meliai (shapeshifter) (D:12)
  2 harpy skeletons
  4 polar bears (Lair:6)
  3 bog bodies (Lair:2)
  4 hornets
  4 hippogriffs
  7 blink frogs
  A meliai zombie (D:7)
  25 dream sheep
  2 slime creatures (Lair:6)
  14 spriggans
  A shadow (D:12)
  34 yaks
  4 wyverns
  A vampire (D:11)
  3 basilisks
  4 wraiths
  2 acid dragons
  8 crocodiles
  A swamp worm (Lair:2)
  7 porcupines
  4 water moccasins
  6 sky beasts
  2 black bears (Lair:6)
  4 necrophages
  3 ice beasts
  11 orc warriors
  A phantom (D:9)
  Purgy (D:3)
  A tengu (shapeshifter) (D:11)
  5 ogres
  4 boggarts (Lair:6)
  33 wolves
  10 bullfrogs
  A kobold brigand (D:6)
  A gnoll sergeant (D:4)
  6 centaurs
  A water moccasin skeleton (D:10)
  4 scorpions
  6 wights
  2 electric eels
  A howler monkey (D:6)
  9 orc priests
  4 crimson imps
  2 bullfrog zombies
  4 jellies
  5 hounds
  2 bullfrog skeletons
  3 gnoll shamans (D:4)
  14 orc wizards
  2 iguanas
  11 worker ants
  2 hound zombies
  5 hound skeletons
  44 gnolls (D:4)
  10 adders
  3 shadow imps
  An ooze (D:1)
  2 adder skeletons
  2 worms (D:2)
  3 dart slugs
  4 leopard geckos
  44 orcs
  7 hobgoblins
  19 jackals
  3 quokkas
  4 bats (D:1)
  6 frilled lizards
  7 goblins
  2 jackal skeletons
  9 kobolds
  2 quokka skeletons
  7 rats
  A plant (D:9)
569 creatures vanquished.

Vanquished Creatures (others)
  5 centaur warriors
  A cyclops (D:10)
  An orc warrior (Orc)
  7 centaurs
  A hobgoblin (D:3)
  11 fungi
  10 plants
36 creatures vanquished.

Grand Total: 605 creatures vanquished

Notes
Turn   | Place    | Note
-------+----------+-------------------------------------------
     0 | D:1      | Finster the Ent Fighter began the quest for the Orb.
     0 | D:1      | Reached XP level 1. HP: 25/25 MP: 1/1
   449 | D:1      | Reached XP level 2. HP: 33/33 MP: 2/2
   685 | D:1      | Reached skill level 3 in Maces & Flails
  1173 | D:2      | Reached XP level 3. HP: 3/40 MP: 3/3
  1273 | D:2      | Found a hide-covered altar of Uskayaw.
  1302 | D:2      | Found a snail-covered altar of Cheibriados.
  1444 | D:2      | Found an ancient bone altar of Kikubaaqudgha.
  1592 | D:2      | Found a shimmering blue altar of Sif Muna.
  1613 | D:2      | Found a radiant altar of Vehumet.
  1625 | D:2      | Identified Vehumet's Collected Works on Attacks
  2200 | D:3      | Reached XP level 4. HP: 28/51 MP: 4/4
  2423 | D:3      | Noticed Purgy
  2429 | D:3      | Identified the ring of the Salmon {Fire rN+}
  2444 | D:3      | Reached skill level 4 in Maces & Flails
  2444 | D:3      | Reached XP level 5. HP: 19/58 MP: 5/5
  2449 | D:3      | Reached skill level 1 in Stealth
  2455 | D:3      | Killed Purgy
  2456 | D:3      | Reached skill level 5 in Maces & Flails
  2456 | D:3      | Reached XP level 6. HP: 4/67 MP: 6/6
  3031 | D:4      | Found a staircase to the Ecumenical Temple.
  3039 | Temple   | Entered the Ecumenical Temple
  3336 | D:2      | Became a worshipper of Cheibriados the Contemplative
  3545 | D:4      | Found a shattered altar of Ashenzari.
  3865 | D:4      | Reached XP level 7. HP: 77/77 MP: 7/7
  3945 | D:4      | Reached skill level 6 in Maces & Flails
  4034 | D:4      | Reached * piety under Cheibriados
  4265 | D:4      | Reached ** piety under Cheibriados
  4332 | D:4      | Paralysed by fainting for 10 turns
  4333 | D:4      | Reached XP level 8. HP: 44/85 MP: 8/8
  4344 | D:4      | Paralysed by fainting for 6 turns
  4538 | D:4      | Reached skill level 7 in Maces & Flails
  4595 | D:4      | Reached skill level 5 in Shields
  4658 | D:4      | Reached skill level 5 in Fighting
  4681 | D:4      | Reached skill level 5 in Dodging
  4686 | D:4      | Reached *** piety under Cheibriados
  4810 | D:4      | Found a blossoming altar of Fedhas.
  5019 | D:5      | Entered Level 5 of the Dungeon
  5189 | D:5      | Reached skill level 8 in Maces & Flails
  5512 | D:5      | Reached XP level 9. HP: 89/96 MP: 9/9
  5618 | D:5      | Reached **** piety under Cheibriados
  5634 | D:5      | Found Woulomag's Assorted Antiques.
  5642 | D:5      | Bought a scroll of identify for 54 gold pieces
  5642 | D:5      | Bought a scroll of identify for 54 gold pieces
  6108 | D:6      | Reached skill level 9 in Maces & Flails
  6222 | D:6      | Found a glowing golden altar of the Shining One.
  6288 | D:6      | Found a bloodstained altar of Trog.
  6380 | D:6      | Found Nonihyletro's Magic Scroll Shop.
  6386 | D:6      | Bought a scroll of identify for 26 gold pieces
  6386 | D:6      | Bought a scroll of identify for 26 gold pieces
  6386 | D:6      | Bought a scroll of identify for 26 gold pieces
  6386 | D:6      | Bought a scroll of identify for 26 gold pieces
  6595 | D:6      | Found an ornate altar of the Wu Jian Council.
  6932 | D:7      | Noticed a two-headed ogre
  6943 | D:7      | Killed a two-headed ogre
  6944 | D:7      | Reached skill level 10 in Maces & Flails
  7038 | D:7      | Reached ***** piety under Cheibriados
  7046 | D:7      | Reached XP level 10. HP: 107/107 MP: 10/10
  7197 | D:7      | Found a shimmering altar of Xom.
  7198 | D:7      | Found a shimmering altar of Xom.
  7218 | D:7      | Found a shimmering altar of Xom.
  7222 | D:7      | Found a shimmering altar of Xom.
  7941 | D:8      | Found a burning altar of Makhleb.
  7953 | D:8      | Found a staircase to the Orcish Mines.
  7973 | D:8      | Noticed a two-headed ogre
  7982 | D:8      | Killed a two-headed ogre
  7983 | D:8      | Reached skill level 1 in Invocations
  8100 | D:8      | Reached skill level 11 in Maces & Flails
  8112 | D:8      | Got a pair of translucent boots
  8234 | D:8      | Learned a level 1 spell: Apportation
  8456 | D:8      | Found a roughly hewn altar of Beogh.
  9035 | D:9      | Noticed Nergalle
  9046 | D:9      | Killed Nergalle
  9047 | D:9      | Reached XP level 11. HP: 101/119 MP: 10/13
  9066 | D:9      | Reached skill level 1 in Throwing
  9155 | D:9      | Noticed a deep elf mage
  9159 | D:9      | Noticed a mana viper
  9159 | D:9      | Noticed a mana viper
  9163 | D:9      | Killed a deep elf mage
  9164 | D:9      | Reached skill level 12 in Maces & Flails
  9372 | D:9      | Found a staircase to the Lair.
  9443 | D:9      | Reached ****** piety under Cheibriados
  9707 | D:10     | Entered Level 10 of the Dungeon
  9821 | D:10     | Noticed Erolcha
  9822 | D:10     | Paralysed by Erolcha for 4 turns
  9829 | D:10     | Killed Erolcha
 10172 | D:10     | Noticed an orc knight
 10182 | D:10     | Noticed a cyclops
 10183 | D:10     | Killed a cyclops
 10189 | D:10     | Noticed a white ugly thing
 10189 | D:10     | Noticed a purple ugly thing
 10193 | D:10     | Killed a white ugly thing
 10194 | D:10     | Reached skill level 5 in Invocations
 10202 | D:10     | Killed a purple ugly thing
 10241 | D:10     | Noticed a centaur warrior
 10244 | D:10     | Killed an orc knight
 10264 | D:10     | Killed a centaur warrior
 10265 | D:10     | Found Qil Pem's Gadget Boutique.
 10638 | D:10     | Noticed a skeletal warrior
 10639 | D:10     | Noticed a death knight
 10648 | D:10     | Killed a skeletal warrior
 10704 | D:10     | Noticed a phantasmal warrior
 10706 | D:10     | Killed a death knight
 10707 | D:10     | Reached skill level 13 in Maces & Flails
 10710 | D:10     | Killed a phantasmal warrior
 10711 | D:10     | Reached XP level 12. HP: 116/133 MP: 14/16
 10828 | Lair:1   | Entered Level 1 of the Lair of Beasts
 10965 | Lair:1   | Got a warped marble ring
 10966 | Lair:1   | Identified the cursed ring "Requzose" {+Inv Stlth--} (You
                  | found it on level 1 of the Lair of Beasts)
 11230 | Lair:1   | Noticed a seven-headed hydra
 11257 | Lair:1   | Killed a seven-headed hydra
 11261 | Lair:1   | Got a crystal flail
 11262 | Lair:1   | Identified the cursed +3 flail of Isoq {venom, MP+9 Str+4}
                  | (You found it on level 1 of the Lair of Beasts)
 11635 | Lair:2   | Gained mutation: You have a pair of small antennae on your
                  | head. [potion of mutation]
 11635 | Lair:2   | Gained mutation: [You are weak. (Str -2)] [potion of
                  | mutation]
 11635 | Lair:2   | Gained mutation: Your spells are a little harder to cast,
                  | but a little more powerful. [potion of mutation]
 11636 | Lair:2   | Lost mutation: [You are weak. (Str -2)] [potion of
                  | mutation]
 11636 | Lair:2   | Lost mutation: Your spells are a little harder to cast, but
                  | a little more powerful. [potion of mutation]
 11636 | Lair:2   | Lost mutation: You have a pair of small antennae on your
                  | head. [potion of mutation]
 11636 | Lair:2   | Gained mutation: Your muscles are strong. (Str +2) [potion
                  | of mutation]
 11636 | Lair:2   | Gained mutation: Your magical capacity is low. (-10% MP)
                  | [potion of mutation]
 11636 | Lair:2   | Lost mutation: Your magical capacity is low. (-10% MP)
                  | [potion of mutation]
 12289 | Lair:2   | Found a staircase to the Swamp.
 12520 | Lair:3   | Reached skill level 14 in Maces & Flails
 12753 | Lair:3   | Found a runed door.
 12757 | Lair:3   | Found a staircase to the Shoals.
 12835 | Lair:3   | Noticed an eight-headed hydra
 12844 | Lair:3   | Killed an eight-headed hydra
 13905 | Lair:4   | Reached XP level 13. HP: 144/144 MP: 18/18
 14110 | Lair:4   | Reached skill level 10 in Fighting
 14565 | Lair:5   | Reached skill level 5 in Stealth
 14620 | Lair:5   | Reached skill level 10 in Shields
 14869 | Lair:5   | Noticed yrara's ghost (journeyman DsFi)
 14870 | Lair:5   | Found a transporter.
 14891 | Lair:5   | Found a transporter.
 15616 | Lair:5   | Killed yrara's ghost
 15617 | Lair:5   | Reached skill level 15 in Maces & Flails
 15644 | Lair:5   | Got a fine zirconium amulet
 15655 | Lair:5   | Identified the amulet of Reimbursement {Regen rElec MR+
                  | Str+2} (You found it on level 5 of the Lair of Beasts)
 15703 | Lair:6   | Entered Level 6 of the Lair of Beasts
 15883 | Lair:6   | Found the amulet of the Air {Inacc +Fly rElec EV+5 RMsl}
 15909 | Lair:6   | Found a staircase to the Slime Pits.
 15909 | Lair:6   | Found a viscous altar of Jiyva.
 16163 | Lair:6   | Got a clouded graven amulet
 16165 | Lair:6   | Identified the amulet of the Ban {Inacc rF- MR+ Dex+3} (You
                  | found it on level 6 of the Lair of Beasts)
 16197 | Lair:6   | Reached XP level 14. HP: 146/158 MP: 21/21
 17136 | Lair:6   | Reached skill level 10 in Invocations
 17300 | D:11     | Noticed Josephine
 17377 | D:11     | Found a blossoming altar of Fedhas.
 17377 | D:11     | Found a glowing golden altar of the Shining One.
 17382 | D:11     | Found an ancient bone altar of Kikubaaqudgha.
 17382 | D:11     | Found a hide-covered altar of Uskayaw.
 17485 | D:11     | Reached skill level 10 in Dodging
 17631 | D:11     | Noticed Psyche
 17634 | D:11     | Killed Psyche
 17738 | D:11     | Found a gate to the Vaults.
 17881 | D:11     | Identified the ring "Agros" {Fire rN+}
 17886 | D:11     | Killed Josephine
 17999 | D:11     | Noticed Snorg
 18006 | D:11     | Killed Snorg
 18396 | D:12     | Entered Level 12 of the Dungeon
 18396 | D:12     | Found Tadgh's Food Boutique.
 18560 | D:12     | Noticed Louise
 18566 | D:12     | Paralysed by Louise for 2 turns
 18568 | D:12     | Killed Louise
 18777 | D:12     | Found Quisos's Antique Weapon Emporium.
 18798 | D:12     | Reached skill level 16 in Maces & Flails
 18934 | D:12     | Reached XP level 15. HP: 73/168 MP: 11/23
 19033 | D:12     | Found a staircase to the Depths.
 19127 | D:11     | Identified the +0 mace of the Other Side {flame, rN+}
 19205 | Orc      | Entered the Orcish Mines
 19429 | Orc      | Found a roughly hewn altar of Beogh.
 19592 | Orc      | Paralysed by an orc sorcerer for 4 turns
 19620 | Orc      | HP: 3/168 [orc high priest/divine providence (8)]
 19621 | Orc      | Slain by an orc warrior

Skill      XL: |  1  2  3  4  5  6  7  8  9 10 11 12 13 14 15 |
---------------+----------------------------------------------+-----
Maces & Flails | 3 4 5 6 8 10 11 13 14 15 16 | 16.3
Dodging        | 3 4 5 6 7 8 9 10 | 10.4
Shields        | 3 4 6 7 8 9 10 11 | 11.7
Fighting       | 4 5 6 7 9 11 12 | 12.0
Stealth        | 1 3 4 5 |  5.3
Invocations    | 3 5 7 9 10 11 | 11.1
Throwing       | 2 3 |  3.5

Action                   |  1- 3 |  4- 6 |  7- 9 | 10-12 | 13-15 || total
-------------------------+-------+-------+-------+-------+-------++-------
Melee: Flail             |   183 |   192 |   560 |   282 |   590 ||  1807
       Morningstar       |       |       |       |   144 |       ||   144
       Dire flail        |       |       |       |    61 |       ||    61
       Great mace        |       |       |       |       |   148 ||   148
Throw: Tomahawk          |       |       |       |    45 |       ||    45
       Large rock        |       |       |       |    29 |    52 ||    81
Invok: Bend Time         |       |       |     1 |     4 |     1 ||     6
       Temporal Distorti |       |       |       |       |     1 ||     1
 Abil: Passwall          |       |       |       |     2 |     1 ||     3
  Use: Scroll            |     3 |       |     7 |     8 |    13 ||    31
       Potion            |       |     4 |     1 |     3 |       ||     8
 Stab: Sleeping          |       |     1 |     3 |     3 |     1 ||     8
       Distracted        |       |       |     1 |       |       ||     1
       Invisible         |       |       |       |     1 |       ||     1
  Eat: Chunk             |     9 |    10 |    16 |    35 |    44 ||   114
       Ration            |       |     1 |     2 |       |       ||     3
Armor: Skin              |   144 |   116 |   281 |   216 |   435 ||  1192
Dodge: Dodged            |    87 |    56 |   243 |   266 |   591 ||  1243
       Deflected         |       |       |       |       |     1 ||     1
Block: Medium shield     |   150 |   153 |   572 |   265 |       ||  1140
       Reflection        |     1 |     5 |    18 |    23 |    39 ||    86
       Large shield      |       |       |       |   528 |  1584 ||  2112
